 Dungeon Crawl Stone Soup version 0.22-a0-603-gfc1114d (webtiles) character file.

343 Hebeh the Chopper (level 6, 0/56 HPs)
             Began as a Minotaur Fighter on July 7, 2018.
             Killed by divine providence
             ... invoked by an orc priest
              (14 damage)
             ... on level 4 of the Dungeon.
             The game lasted 00:05:58 (2350 turns).

Hebeh the Chopper (Minotaur Fighter)                Turns: 2350, Time: 00:05:59

Health: 0/56       AC: 12    Str: 22    XL:     6   Next: 31%
Magic:  5/5        EV:  4    Int:  5    God:
Gold:   167        SH: 10    Dex: 10    Spells: 5/5 levels left

rFire    . . .     SeeInvis .   a - +0 war axe
rCold    . . .     Gourm    .   c - +0 shield
rNeg     . . .     Faith    .   r - +0 plate armour
rPois    .         Spirit   .   (helmet restricted)
rElec    .         Reflect  .   (no cloak)
rCorr    .         Harm     +   (no gloves)
MR       .....                  (no boots)
Stlth    ..........             q - amulet of harm
HPRegen  0.18/turn              (no ring)
MPRegen  0.09/turn              (no ring)

@: no status effects
A: retaliatory headbutt, horns 2
a: no special abilities


You were on level 4 of the Dungeon.
You were not hungry.

You visited 1 branch of the dungeon, and saw 4 of its levels.

You collected 167 gold pieces.

Inventory:

Hand Weapons
 a - a +0 war axe (weapon)
Missiles
 i - 68 stones (quivered)
 t - 40 sling bullets
Armour
 b - a +0 scale mail
 c - a +0 shield (worn)
 r - a +0 plate armour (worn)
Jewellery
 q - an amulet of harm (around neck)
Scrolls
 e - 3 scrolls of immolation {unknown}
 j - 2 scrolls of random uselessness {unknown}
 k - a scroll of teleportation {unknown}
 l - 2 scrolls of noise {unknown}
 n - a scroll of fear {unknown}
 s - 3 scrolls of blinking {unknown}
 u - a scroll of remove curse {unknown}
 w - 7 scrolls of identify {unknown}
 x - a scroll of enchant armour {unknown}
 y - a scroll of fog {unknown}
 z - a scroll of enchant weapon {unknown}
Potions
 d - 2 potions of might
 h - a potion of degeneration {unknown}
 m - 3 potions of lignification {unknown}
 o - 2 potions of agility {unknown}
 p - 2 potions of flight {unknown}
 v - 2 potions of heal wounds {unknown}
Comestibles
 f - 4 rations
 g - a chunk of flesh


   Skills:
 + Level 5.0 Fighting
 * Level 5.5 Axes
 + Level 5.0 Armour
 + Level 4.9 Shields


You had 5 spell levels left.
You didn't know any spells.
Your spell library was empty.

Dungeon Overview and Level Annotations

Branches:
Dungeon (4/15)
 Temple: D:4-7

Altars:
Cheibriados
Kikubaaqudgha
The Shining One


Innate Abilities, Weirdness & Mutations

You reflexively headbutt those who attack you in melee.
You have a pair of horns on your head.


Message History

Pain shoots through your body!
* * * LOW HITPOINT WARNING * * *
You hit the orc.
You kill the orc!
You feel sick.
You are no longer poisoned.
Items here: )))) [[[[ †† You are too injured to fight recklessly!
You are too injured to fight recklessly!
You hit the orc priest.
The orc priest is lightly wounded.
The orc priest hits you but does no damage.
You hit the orc priest.
The orc priest is heavily wounded.
You block the orc priest's attack.
You hit the orc priest but do no damage.
The orc priest is heavily wounded.
The orc priest invokes the aid of Beogh against you.
Beogh smites you!
You die...

.............####.##...
#.............# #..#...
#.#...##..###..#
#....## #.....(...# #.#
#..#### #.....##.#
...#..# #
#....###.#####.... #
..##...........# .
###o.†.######
..######@.###
#......)...#
###....†##...#
.......?# ##..#
...####.# #..# .. #.#
#.# . #.# .# ..# ...


You could see an orc priest.

Vanquished Creatures
  A scorpion (D:4)
  An orc priest (D:4)
  3 orc wizards (D:4)
  6 adders
  An ooze (D:1)
  2 worms (D:3)
  A dart slug (D:3)
  10 leopard geckos
  6 orcs
  2 ball pythons
  2 giant cockroaches
  9 goblins
  12 hobgoblins
  13 jackals
  2 quokkas
  4 bats
  4 frilled lizards
  7 kobolds
  8 rats
94 creatures vanquished.

Notes
Turn   | Place    | Note
-------+----------+-------------------------------------------
     0 | D:1      | Hebeh the Minotaur Fighter began the quest for the Orb.
     0 | D:1      | Reached XP level 1. HP: 19/19 MP: 0/0
    41 | D:1      | Reached XP level 2. HP: 23/27 MP: 1/1
   366 | D:1      | Reached XP level 3. HP: 33/33 MP: 2/2
  1075 | D:2      | Reached XP level 4. HP: 35/40 MP: 3/3
  1227 | D:2      | Found a snail-covered altar of Cheibriados.
  1783 | D:3      | Reached XP level 5. HP: 47/47 MP: 4/4
  2001 | D:3      | Found a glowing golden altar of the Shining One.
  2001 | D:3      | Found an ancient bone altar of Kikubaaqudgha.
  2320 | D:4      | Reached skill level 5 in Axes
  2336 | D:4      | Reached XP level 6. HP: 42/55 MP: 5/5
  2344 | D:4      | Reached skill level 5 in Armour
  2344 | D:4      | Reached skill level 5 in Fighting
  2350 | D:4      | Killed from afar by an orc priest

Vault maps used:
D:1:      eino_arrival_tree_alley, hangedman_glass_teeth
D:2:      marbit_many_paths
D:3:      gammafunk_temple_overflow_elements
D:4:      overflow_temple_1_default, uniq_robin

Skill      XL: |  1  2  3  4  5  6 |
---------------+-------------------+-----
Axes           | 3 4 5 |  5.5
Armour         | 4 5 |  5.0
Shields        | 4 |  4.9
Fighting       | 4 5 |  5.0

Action                   |  1- 3 |  4- 6 || total
-------------------------+-------+-------++-------
Melee: War axe           |    93 |   126 ||   219
       Headbutt          |     7 |    18 ||    25
  Eat: Chunk             |     1 |     4 ||     5
Armor: Scale mail        |    21 |       ||    21
       Plate armour      |    36 |    85 ||   121
Dodge: Dodged            |    29 |    15 ||    44
Block: Shield            |    60 |    70 ||   130

Table legend:
 A = Spawn XP
 B = Non-spawn XP
 C = Spawn XP percentage of total XP
 D = Spawn monster count
 E = Non-spawn monster count
 F = Spawn count percentage of total count
 G = Total turns spent on level
                    A         B        C        D         E        F      G
               +---------+---------+-------+---------+---------+-------+---------
         Total |       0 |     491 |   0.0 |       0 |      94 |   0.0 |  2350
               +---------+---------+-------+---------+---------+-------+---------
           D:1 |       0 |      54 |   0.0 |       0 |      25 |   0.0 |   834
           D:2 |       0 |      73 |   0.0 |       0 |      28 |   0.0 |   727
           D:3 |       0 |     104 |   0.0 |       0 |      30 |   0.0 |   656
           D:4 |       0 |     260 |   0.0 |       0 |      11 |   0.0 |   133
               +---------+---------+-------+---------+---------+-------+---------
